Bruins vs BlackHawks

Created - 2 janvier 2021 at 20:06

Goals
1 2 3 T
Bruins 0 1 0 1
BlackHawks 2 0 3 5
Shots
1 2 3 T
Bruins 9 9 4 22
BlackHawks 8 5 18 31

1st period

1. BlackHawks , Jaden Schwartz 14 (Anze Kopitar 24, Johnny Boychuk 1) at 4:30
2. BlackHawks , Phil Kessel 8 (Jaden Schwartz 19, Ryan Ellis 17) at 13:53

Penalties :
Brandon Carlo (CHI) for Roughing (Minor) at 1:37, Carl Hagelin (BOS) for Cross-checking (Minor) at 5:18, Adam Larsson (CHI) for Tripping (Minor) at 17:56

2nd period

3. Bruins , Tyler Bertuzzi 13 (Carl Hagelin 14, Adam Henrique 13) at 7:13

Penalties :
Anze Kopitar (CHI) for Hooking (Minor) at 2:56, Carl Hagelin (BOS) for Roughing (Minor) at 13:59

3rd period

4. BlackHawks , Jake Virtanen 3 (Phillip Danault 21, Brandon Carlo 10) at 5:43
5. BlackHawks , Jared McCann 7 (Lawson Crouse 7, Curtis Lazar 3) at 8:13
6. BlackHawks , Anze Kopitar 19 (Phil Kessel 9, Justin Faulk 11) at 15:30

Penalties :
Brett Pesce (BOS) for Holding (Minor) at 11:27

Goalie Stats

Louis Domingue (BOS), 11 saves from 12 shots - (0,917), 11:47 minutes
Tristan Jarry (BOS), 15 saves from 19 shots - (0,789), L, 9-13-1, 48:13 minutes
Jacob Markstrom (CHI), 21 saves from 22 shots - (0,955), W, 14-18-2, 60:00 minutes

Players Stats for Bruins

Player Name              G  A  P  +/- PIM S  H  SB GA TA FO     MP     PP MP  PK MP  
------------------------------------------------------------------------------------
Adam Henrique            0  1  1  -2  0   1  0  0  0  0  12/23  20:25   2:40   0:29 
Alex Iafallo             0  0  0  -1  0   2  1  0  0  0  0/1    20:55   3:07   2:00 
Antoine Roussel          0  0  0  -1  0   3  2  0  0  0  1/2    16:15   0:14   1:14 
Brady Skjei              0  0  0  -4  0   1  6  1  0  0  0/0    21:36   2:57   1:05 
Brett Pesce              0  0  0  -1  2   0  0  1  0  0  0/0    16:40   0:14   1:48 
Brian Dumoulin           0  0  0   0  0   0  2  1  0  0  0/0    13:19   0:14   3:04 
Carl Hagelin             0  1  1  -2  4   1  0  1  0  0  0/0    18:28   0:20   0:54 
Colton White             0  0  0   1  0   0  0  0  0  0  0/0    18:39   2:46   0:00 
Jayson Megna             0  0  0   0  0   1  0  0  0  0  8/14    9:18   2:57   0:00 
Jonathon Merrill         0  0  0   1  0   1  2  4  0  0  0/0    18:46   0:00   2:53 
Jordan Oesterle          0  0  0  -4  0   0  1  1  0  0  0/0    20:31   2:57   0:00 
Marcus Sorensen          0  0  0  -1  0   1  0  0  0  0  0/1    13:59   3:07   2:00 
Markus Nutivaara         0  0  0  -1  0   2  1  0  0  0  0/0    10:28   2:46   3:04 
Michael Frolik           0  0  0  -1  0   1  0  0  0  0  0/0    18:04   2:36   0:00 
Radek Faksa              0  0  0  -1  0   3  3  0  0  0  11/20  16:42   0:00   1:14 
Tanner Fritz             0  0  0   0  0   0  0  0  0  0  0/0     6:44   0:14   0:00 
Tyler Bertuzzi           1  0  1  -2  0   3  3  0  0  0  0/2    20:07   2:36   0:00 
Vladimir Sobotka         0  0  0  -1  0   2  1  0  0  0  6/22   13:04   0:00   4:03 

Players Stats for BlackHawks

Player Name              G  A  P  +/- PIM S  H  SB GA TA FO     MP     PP MP  PK MP  
------------------------------------------------------------------------------------
Adam Larsson             0  0  0   2  2   1  1  2  0  0  0/0     9:20   0:00   0:00 
Anze Kopitar             1  1  2   2  2   3  0  0  0  0  15/26  25:35   2:37   2:40 
Ben Hutton               0  0  0   0  0   0  0  0  0  0  0/0     6:03   0:00   0:00 
Brandon Carlo            0  1  1   2  2   2  0  1  0  0  0/0    18:51   2:26   1:54 
Curtis Lazar             0  1  1   1  0   2  0  0  0  0  0/0    13:29   0:00   0:00 
Erik Johnson             0  0  0   0  0   2  1  2  0  0  0/0    24:53   3:31   3:12 
Ivan Barbashev           0  0  0   0  0   0  0  0  0  0  2/6     6:02   0:00   2:05 
Jaden Schwartz           1  1  2   2  0   3  4  0  0  0  2/2    23:05   2:37   2:24 
Jake Virtanen            1  0  1   1  0   3  1  0  0  0  0/1    16:52   3:20   0:00 
Jared McCann             1  0  1   1  0   3  0  0  0  0  13/20  13:54   0:00   0:22 
John Marino              0  0  0   0  0   0  0  0  0  0  0/0     6:03   0:00   0:00 
Johnny Boychuk           0  1  1   2  0   0  0  2  0  0  0/0    10:12   0:00   0:51 
Justin Faulk             0  1  1   2  0   1  0  1  0  0  0/0    19:43   2:26   2:45 
Lawson Crouse            0  1  1   1  0   2  2  0  0  0  0/1    14:15   0:00   0:00 
Phil Kessel              1  1  2   2  0   6  0  0  0  0  0/0    22:19   2:37   1:38 
Phillip Danault          0  1  1   1  0   2  2  0  0  0  14/26  21:39   3:20   2:45 
Ryan Ellis               0  1  1   0  0   0  1  2  0  0  0/0    24:53   3:31   3:12 
Scott Laughton           0  0  0   1  0   1  1  0  0  0  1/3    16:52   3:20   0:00 

3 Stars

1 - Jaden Schwartz (CHI)
2 - Phil Kessel (CHI)
3 - Anze Kopitar (CHI)

Power Play

Bruins - 0 on 3 Attempt(s) - 0,00%
BlackHawks - 0 on 3 Attempt(s) - 0,00%

Penalty Kill

Bruins - 3 on 3 Attempt(s) - 100,00% - Score 0 goal in Penalty Kill
BlackHawks - 3 on 3 Attempt(s) - 100,00% - Score 0 goal in Penalty Kill

Team Stat

Bruins - Hits : 22 - Faceoff Wins : 38 - Blocked Shots : 9 - Penalty Minutes : 6
BlackHawks - Hits : 13 - Faceoff Wins : 47 - Blocked Shots : 10 - Penalty Minutes : 6

Official

Referees : Kevin Pollock and Adam Bloski
Linesman : Scott Cherrey and Brent Colby

Game Notes

Louis Domingue enters game at 8:13 of 3rd period

Finance

Level 1 -- Attendance: 2524 (38,83%) -- Ticket Income 631 000 $
Level 2 -- Attendance: 1931 (38,62%) -- Ticket Income 386 200 $
Level 3 -- Attendance: 1105 (31,57%) -- Ticket Income 193 375 $
Level 4 -- Attendance: 700 (18,83%) -- Ticket Income 105 000 $
Luxury Box -- Attendance: 523 (52,30%) -- Ticket Income 209 200 $
Game was played at the United Center.
Total Attendance: 6783 (34,40%)
Total Ticket Income: 1 524 775 $
Other Income: 747 140 $
Total Income: 2 271 915 $

% Time on Ice - Bruins

Lines # - Real PCT - Wanted PCT - Time Play
Normal Forward
1 - 36% - 36% - 17:16
2 - 32% - 32% - 15:28
3 - 19% - 22% - 9:01
4 - 13% - 10% - 6:21
Normal Defense
1 - 37% - 36% - 17:34
2 - 33% - 32% - 15:53
3 - 21% - 21% - 10:01
4 - 10% - 11% - 4:38
PP Forward
1 - 52% - 55% - 3:07
2 - 48% - 45% - 2:50
PP Defense
1 - 54% - 60% - 3:11
2 - 46% - 40% - 2:46
PK Forward
1 - 79% - 60% - 4:43
2 - 21% - 40% - 1:14
PK Defense
1 - 48% - 60% - 2:53
2 - 52% - 40% - 3:04
PK3 Forward
1 - 0% - 54%
2 - 0% - 46%
PK3 Defense
1 - 0% - 60%
2 - 0% - 40%
44 Forward
1 - 0% - 55%
2 - 0% - 45%
44 Defense
1 - 0% - 60%
2 - 0% - 40%
Last Minute Offensive  - 0:00
Last Minute Defensive  - 0:00
Total
Forward - 60:00
Defense - 60:00

% Time on Ice - BlackHawks

Lines # - Real PCT - Wanted PCT - Time Play
Normal Forward
1 - 38% - 40% - 18:04
2 - 28% - 30% - 13:32
3 - 28% - 20% - 13:29
4 - 6% - 10% - 3:01
Normal Defense
1 - 38% - 40% - 18:10
2 - 30% - 30% - 14:32
3 - 19% - 20% - 9:21
4 - 13% - 10% - 6:03
PP Forward
1 - 44% - 60% - 2:37
2 - 56% - 40% - 3:20
PP Defense
1 - 59% - 60% - 3:31
2 - 41% - 40% - 2:26
PK Forward
1 - 74% - 60% - 4:25
2 - 26% - 40% - 1:32
PK Defense
1 - 54% - 60% - 3:12
2 - 46% - 40% - 2:45
PK3 Forward
1 - 0% - 60%
2 - 0% - 40%
PK3 Defense
1 - 0% - 60%
2 - 0% - 40%
44 Forward
1 - 0% - 60%
2 - 0% - 40%
44 Defense
1 - 0% - 60%
2 - 0% - 40%
Last Minute Offensive  - 0:00
Last Minute Defensive  - 0:00
Total
Forward - 60:00
Defense - 60:00

Play-by-Play

1st period


0:01 of 1st period - Anze Kopitar wins face-off versus Adam Henrique in neutral zone.
0:41 of 1st period - Erik Johnson is hit by Brady Skjei.
1:09 of 1st period - Shot by Jake Virtanen.
1:09 of 1st period - Shot Blocked by Jonathon Merrill.
1:37 of 1st period - Minor Penalty to Brandon Carlo for Roughing.
1:38 of 1st period - Adam Henrique wins face-off versus Anze Kopitar in BlackHawks zone.
1:49 of 1st period - Shot by Phillip Danault.
1:49 of 1st period - Deflect By Anze Kopitar.
1:49 of 1st period - Shot Misses the Net.
2:04 of 1st period - Shot by Marcus Sorensen.
2:04 of 1st period - Shot Misses the Net.
2:06 of 1st period - Shot by Adam Henrique.
2:06 of 1st period - Stopped by Jacob Markstrom without a rebound.
2:07 of 1st period - Jaden Schwartz wins face-off versus Jayson Megna in BlackHawks zone.
2:46 of 1st period - Shot by Markus Nutivaara.
2:46 of 1st period - Stopped by Jacob Markstrom without a rebound.
2:47 of 1st period - Anze Kopitar wins face-off versus Adam Henrique in BlackHawks zone.
2:53 of 1st period - Icing by Alex Iafallo.
2:54 of 1st period - Anze Kopitar wins face-off versus Adam Henrique in Bruins zone.
3:56 of 1st period - Shot by Antoine Roussel.
3:56 of 1st period - Stopped by Jacob Markstrom without a rebound.
3:57 of 1st period - Anze Kopitar wins face-off versus Vladimir Sobotka in BlackHawks zone.
4:30 of 1st period - Shot by Jaden Schwartz.
4:30 of 1st period - Goal by Jaden Schwartz - Bruins : 0 - BlackHawks : 1.
4:31 of 1st period - Jared McCann wins face-off versus Alex Iafallo in neutral zone.
4:31 of 1st period - Ryan Ellis is hit by Radek Faksa.
4:49 of 1st period - Shot by Erik Johnson.
4:49 of 1st period - Stopped by Tristan Jarry without a rebound.
4:50 of 1st period - Phillip Danault wins face-off versus Adam Henrique in Bruins zone.
5:18 of 1st period - Minor Penalty to Carl Hagelin for Cross-checking.
5:19 of 1st period - Anze Kopitar wins face-off versus Vladimir Sobotka in Bruins zone.
5:20 of 1st period - Shot by Ryan Ellis.
5:20 of 1st period - Shot Misses the Net.
5:43 of 1st period - Shot by Erik Johnson.
5:43 of 1st period - Stopped by Tristan Jarry without a rebound.
5:44 of 1st period - Vladimir Sobotka wins face-off versus Phillip Danault in Bruins zone.
6:12 of 1st period - Shot by Phillip Danault.
6:12 of 1st period - Shot Misses the Net.
6:54 of 1st period - Shot by Ryan Ellis.
6:54 of 1st period - Shot Misses the Net.
7:02 of 1st period - Shot by Ryan Ellis.
7:02 of 1st period - Shot Misses the Net.
7:04 of 1st period - Shot by Erik Johnson.
7:04 of 1st period - Shot Misses the Net.
7:06 of 1st period - Shot by Anze Kopitar.
7:06 of 1st period - Stopped by Tristan Jarry without a rebound.
7:07 of 1st period - Phillip Danault wins face-off versus Marcus Sorensen in Bruins zone.
7:27 of 1st period - Lawson Crouse is hit by Brady Skjei and loses puck.
7:44 of 1st period - Shot by Jared McCann.
7:44 of 1st period - Stopped by Tristan Jarry without a rebound.
7:45 of 1st period - Jayson Megna wins face-off versus Ivan Barbashev in Bruins zone.
9:24 of 1st period - Icing by Brett Pesce.
9:25 of 1st period - Jaden Schwartz wins face-off versus Jayson Megna in Bruins zone.
9:33 of 1st period - Brett Pesce is hit by Jaden Schwartz and loses puck.
10:33 of 1st period - Icing by Michael Frolik.
10:34 of 1st period - Radek Faksa wins face-off versus Phillip Danault in Bruins zone.
11:28 of 1st period - Shot by Tyler Bertuzzi.
11:28 of 1st period - Shot Blocked by Erik Johnson.
12:09 of 1st period - Shot by Phil Kessel.
12:09 of 1st period - Stopped by Tristan Jarry without a rebound.
12:10 of 1st period - Anze Kopitar wins face-off versus Tyler Bertuzzi in Bruins zone.
12:24 of 1st period - Off-side.
12:25 of 1st period - Vladimir Sobotka wins face-off versus Phillip Danault in neutral zone.
12:25 of 1st period - Marcus Sorensen is hit by Jake Virtanen and loses puck.
13:29 of 1st period - Shot by Phil Kessel.
13:29 of 1st period - Shot Blocked by Brady Skjei.
13:47 of 1st period - Shot by Jaden Schwartz.
13:47 of 1st period - Shot Misses the Net.
13:51 of 1st period - Shot by Jaden Schwartz.
13:51 of 1st period - Shot Blocked by Jordan Oesterle.
13:53 of 1st period - Shot by Phil Kessel.
13:53 of 1st period - Goal by Phil Kessel - Bruins : 0 - BlackHawks : 2.
13:54 of 1st period - Radek Faksa wins face-off versus Jared McCann in neutral zone.
14:16 of 1st period - Shot by Alex Iafallo.
14:16 of 1st period - Shot Blocked by Adam Larsson.
14:18 of 1st period - Shot by Jonathon Merrill.
14:18 of 1st period - Stopped by Jacob Markstrom without a rebound.
14:19 of 1st period - Anze Kopitar wins face-off versus Antoine Roussel in BlackHawks zone.
15:01 of 1st period - Icing by Erik Johnson.
15:02 of 1st period - Anze Kopitar wins face-off versus Radek Faksa in BlackHawks zone.
15:02 of 1st period - Anze Kopitar is hit by Alex Iafallo.
15:18 of 1st period - Shot by Michael Frolik.
15:18 of 1st period - Stopped by Jacob Markstrom without a rebound.
15:19 of 1st period - Phillip Danault wins face-off versus Tyler Bertuzzi in BlackHawks zone.
15:49 of 1st period - Shot by Adam Henrique.
15:49 of 1st period - Deflect By Tyler Bertuzzi.
15:49 of 1st period - Stopped by Jacob Markstrom without a rebound.
15:50 of 1st period - Jared McCann wins face-off versus Radek Faksa in BlackHawks zone.
16:05 of 1st period - Shot by Alex Iafallo.
16:05 of 1st period - Shot Misses the Net.
16:07 of 1st period - Shot by Radek Faksa.
16:07 of 1st period - Stopped by Jacob Markstrom without a rebound.
16:08 of 1st period - Vladimir Sobotka wins face-off versus Ivan Barbashev in BlackHawks zone.
16:23 of 1st period - Shot by Vladimir Sobotka.
16:23 of 1st period - Stopped by Jacob Markstrom without a rebound.
16:24 of 1st period - Radek Faksa wins face-off versus Jared McCann in BlackHawks zone.
16:36 of 1st period - Jared McCann is hit by Brady Skjei and loses puck.
16:40 of 1st period - Lawson Crouse is hit by Brady Skjei and loses puck.
17:23 of 1st period - Shot by Anze Kopitar.
17:23 of 1st period - Deflect By Phil Kessel.
17:23 of 1st period - Stopped by Tristan Jarry without a rebound.
17:24 of 1st period - Phillip Danault wins face-off versus Adam Henrique in Bruins zone.
17:39 of 1st period - Icing by Johnny Boychuk.
17:40 of 1st period - Phillip Danault wins face-off versus Vladimir Sobotka in BlackHawks zone.
17:56 of 1st period - Minor Penalty to Adam Larsson for Tripping.
17:57 of 1st period - Adam Henrique wins face-off versus Anze Kopitar in BlackHawks zone.
18:28 of 1st period - Shot by Adam Henrique.
18:28 of 1st period - Shot Blocked by Justin Faulk.
18:30 of 1st period - Shot by Markus Nutivaara.
18:30 of 1st period - Stopped by Jacob Markstrom without a rebound.
18:31 of 1st period - Anze Kopitar wins face-off versus Jayson Megna in BlackHawks zone.
18:39 of 1st period - Icing by Brady Skjei.
18:40 of 1st period - Anze Kopitar wins face-off versus Jayson Megna in Bruins zone.
19:34 of 1st period - Icing by Brady Skjei.
19:35 of 1st period - Jayson Megna wins face-off versus Anze Kopitar in Bruins zone.
Goals for this period are 0 for Bruins vs 2 for BlackHawks.
Shots for this period are 9 for Bruins vs 8 for BlackHawks.

2nd period


0:01 of 2nd period - Anze Kopitar wins face-off versus Adam Henrique in neutral zone.
0:48 of 2nd period - Anze Kopitar is hit by Radek Faksa and loses puck.
1:03 of 2nd period - Shot by Michael Frolik.
1:03 of 2nd period - Shot Blocked by Ryan Ellis.
1:05 of 2nd period - Shot by Jordan Oesterle.
1:05 of 2nd period - Shot Misses the Net.
1:07 of 2nd period - Shot by Brady Skjei.
1:07 of 2nd period - Stopped by Jacob Markstrom without a rebound.
1:08 of 2nd period - Vladimir Sobotka wins face-off versus Phillip Danault in BlackHawks zone.
1:11 of 2nd period - Shot by Antoine Roussel.
1:11 of 2nd period - Stopped by Jacob Markstrom without a rebound.
1:12 of 2nd period - Vladimir Sobotka wins face-off versus Phillip Danault in BlackHawks zone.
1:24 of 2nd period - Shot by Vladimir Sobotka.
1:24 of 2nd period - Stopped by Jacob Markstrom without a rebound.
1:25 of 2nd period - Radek Faksa wins face-off versus Jared McCann in BlackHawks zone.
1:44 of 2nd period - Shot by Michael Frolik.
1:44 of 2nd period - Shot Misses the Net.
1:58 of 2nd period - Shot by Jared McCann.
1:58 of 2nd period - Shot Misses the Net.
2:00 of 2nd period - Shot by Adam Larsson.
2:00 of 2nd period - Stopped by Tristan Jarry without a rebound.
2:01 of 2nd period - Adam Henrique wins face-off versus Scott Laughton in Bruins zone.
2:01 of 2nd period - Adam Henrique is hit by Scott Laughton.
2:10 of 2nd period - Justin Faulk is hit by Jonathon Merrill and loses puck.
2:37 of 2nd period - Shot by Phillip Danault.
2:37 of 2nd period - Shot Misses the Net.
2:56 of 2nd period - Minor Penalty to Anze Kopitar for Hooking.
2:57 of 2nd period - Jayson Megna wins face-off versus Ivan Barbashev in BlackHawks zone.
3:14 of 2nd period - Shot by Jordan Oesterle.
3:14 of 2nd period - Shot Misses the Net.
3:29 of 2nd period - Phillip Danault is hit by Brady Skjei.
5:04 of 2nd period - Off-side.
5:05 of 2nd period - Jared McCann wins face-off versus Vladimir Sobotka in neutral zone.
5:08 of 2nd period - Shot by Lawson Crouse.
5:08 of 2nd period - Stopped by Tristan Jarry without a rebound.
5:09 of 2nd period - Radek Faksa wins face-off versus Jared McCann in Bruins zone.
5:33 of 2nd period - Shot by Lawson Crouse.
5:33 of 2nd period - Shot Blocked by Brian Dumoulin.
5:35 of 2nd period - Shot by Lawson Crouse.
5:35 of 2nd period - Shot Misses the Net.
5:37 of 2nd period - Shot by Lawson Crouse.
5:37 of 2nd period - Shot Misses the Net.
6:00 of 2nd period - Icing by Brady Skjei.
6:01 of 2nd period - Jayson Megna wins face-off versus Anze Kopitar in Bruins zone.
6:01 of 2nd period - Jayson Megna is hit by Jaden Schwartz.
6:43 of 2nd period - Brady Skjei is hit by Erik Johnson and loses puck.
6:47 of 2nd period - Icing by Erik Johnson.
6:48 of 2nd period - Adam Henrique wins face-off versus Anze Kopitar in BlackHawks zone.
6:52 of 2nd period - Carl Hagelin is hit by Ryan Ellis and loses puck.
7:13 of 2nd period - Shot by Tyler Bertuzzi.
7:13 of 2nd period - Goal by Tyler Bertuzzi - Bruins : 1 - BlackHawks : 2.
7:14 of 2nd period - Radek Faksa wins face-off versus Scott Laughton in neutral zone.
7:30 of 2nd period - Shot by Phillip Danault.
7:30 of 2nd period - Stopped by Tristan Jarry without a rebound.
7:31 of 2nd period - Adam Henrique wins face-off versus Jared McCann in Bruins zone.
7:57 of 2nd period - Curtis Lazar is hit by Tyler Bertuzzi and loses puck.
8:25 of 2nd period - Icing by John Marino.
8:26 of 2nd period - Jared McCann wins face-off versus Radek Faksa in BlackHawks zone.
9:35 of 2nd period - Shot by Jaden Schwartz.
9:35 of 2nd period - Shot Misses the Net.
9:47 of 2nd period - Shot by Marcus Sorensen.
9:47 of 2nd period - Stopped by Jacob Markstrom without a rebound.
9:48 of 2nd period - Phillip Danault wins face-off versus Adam Henrique in BlackHawks zone.
9:53 of 2nd period - Brandon Carlo is hit by Tyler Bertuzzi and loses puck.
12:15 of 2nd period - Anze Kopitar is hit by Vladimir Sobotka and loses puck.
12:25 of 2nd period - Icing by Brett Pesce.
12:26 of 2nd period - Scott Laughton wins face-off versus Vladimir Sobotka in Bruins zone.
12:28 of 2nd period - Ivan Barbashev is hit by Brian Dumoulin.
12:37 of 2nd period - Icing by Vladimir Sobotka.
12:38 of 2nd period - Antoine Roussel wins face-off versus Lawson Crouse in Bruins zone.
12:56 of 2nd period - Jordan Oesterle is hit by Lawson Crouse and loses puck.
13:23 of 2nd period - Shot by Radek Faksa.
13:23 of 2nd period - Stopped by Jacob Markstrom without a rebound.
13:24 of 2nd period - Jayson Megna wins face-off versus Phillip Danault in BlackHawks zone.
13:36 of 2nd period - Phillip Danault is hit by Markus Nutivaara and loses puck.
13:39 of 2nd period - Shot by Scott Laughton.
13:39 of 2nd period - Shot Blocked by Brett Pesce.
13:41 of 2nd period - Shot by Jake Virtanen.
13:41 of 2nd period - Shot Misses the Net.
13:43 of 2nd period - Shot by Scott Laughton.
13:43 of 2nd period - Stopped by Tristan Jarry without a rebound.
13:44 of 2nd period - Ivan Barbashev wins face-off versus Adam Henrique in Bruins zone.
13:52 of 2nd period - Off-side.
13:53 of 2nd period - Anze Kopitar wins face-off versus Adam Henrique in neutral zone.
13:53 of 2nd period - Justin Faulk is hit by Tyler Bertuzzi and loses puck.
13:59 of 2nd period - Minor Penalty to Carl Hagelin for Roughing.
14:00 of 2nd period - Phillip Danault wins face-off versus Vladimir Sobotka in Bruins zone.
14:13 of 2nd period - Vladimir Sobotka is hit by Phillip Danault and loses puck.
14:30 of 2nd period - Shot by Phillip Danault.
14:30 of 2nd period - Shot Misses the Net.
14:32 of 2nd period - Shot by Scott Laughton.
14:32 of 2nd period - Shot Misses the Net.
14:40 of 2nd period - Shot by Scott Laughton.
14:40 of 2nd period - Shot Misses the Net.
15:17 of 2nd period - Icing by Brandon Carlo.
15:18 of 2nd period - Vladimir Sobotka wins face-off versus Anze Kopitar in BlackHawks zone.
16:04 of 2nd period - Shot by Adam Henrique.
16:04 of 2nd period - Shot Blocked by Johnny Boychuk.
16:06 of 2nd period - Shot by Carl Hagelin.
16:06 of 2nd period - Shot Misses the Net.
16:08 of 2nd period - Shot by Adam Henrique.
16:08 of 2nd period - Shot Blocked by Johnny Boychuk.
16:10 of 2nd period - Shot by Carl Hagelin.
16:10 of 2nd period - Stopped by Jacob Markstrom without a rebound.
16:11 of 2nd period - Jared McCann wins face-off versus Jayson Megna in BlackHawks zone.
16:44 of 2nd period - Shot by Lawson Crouse.
16:44 of 2nd period - Shot Misses the Net.
17:05 of 2nd period - Shot by Anze Kopitar.
17:05 of 2nd period - Stopped by Tristan Jarry without a rebound.
17:06 of 2nd period - Adam Henrique wins face-off versus Phillip Danault in Bruins zone.
17:06 of 2nd period - Adam Henrique is hit by Phillip Danault.
18:02 of 2nd period - Icing by Brett Pesce.
18:03 of 2nd period - Anze Kopitar wins face-off versus Radek Faksa in Bruins zone.
19:11 of 2nd period - Shot by Vladimir Sobotka.
19:11 of 2nd period - Deflect By Antoine Roussel.
19:11 of 2nd period - Stopped by Jacob Markstrom with a rebound.
19:37 of 2nd period - Shot by Tyler Bertuzzi.
19:37 of 2nd period - Stopped by Jacob Markstrom with a rebound.
19:39 of 2nd period - Shot by Adam Henrique.
19:39 of 2nd period - Shot Blocked by Ryan Ellis.
Goals for this period are 1 for Bruins vs 0 for BlackHawks.
Shots for this period are 9 for Bruins vs 5 for BlackHawks.

3rd period


0:01 of 3rd period - Adam Henrique wins face-off versus Anze Kopitar in neutral zone.
0:01 of 3rd period - Adam Henrique is hit by Jaden Schwartz.
0:29 of 3rd period - Shot by Anze Kopitar.
0:29 of 3rd period - Shot Misses the Net.
0:35 of 3rd period - Shot by Jaden Schwartz.
0:35 of 3rd period - Stopped by Tristan Jarry without a rebound.
0:36 of 3rd period - Radek Faksa wins face-off versus Phillip Danault in Bruins zone.
0:51 of 3rd period - Shot by Alex Iafallo.
0:51 of 3rd period - Stopped by Jacob Markstrom without a rebound.
0:52 of 3rd period - Jared McCann wins face-off versus Vladimir Sobotka in BlackHawks zone.
0:52 of 3rd period - Jared McCann is hit by Antoine Roussel.
0:55 of 3rd period - Icing by Lawson Crouse.
0:56 of 3rd period - Radek Faksa wins face-off versus Jared McCann in BlackHawks zone.
0:56 of 3rd period - Michael Frolik is hit by Adam Larsson and loses puck.
1:33 of 3rd period - Shot by Curtis Lazar.
1:33 of 3rd period - Stopped by Tristan Jarry without a rebound.
1:34 of 3rd period - Anze Kopitar wins face-off versus Adam Henrique in Bruins zone.
1:35 of 3rd period - Shot by Ryan Ellis.
1:35 of 3rd period - Shot Misses the Net.
1:39 of 3rd period - Shot by Anze Kopitar.
1:39 of 3rd period - Shot Misses the Net.
1:48 of 3rd period - Icing by Brady Skjei.
1:49 of 3rd period - Adam Henrique wins face-off versus Jake Virtanen in Bruins zone.
1:51 of 3rd period - Icing by Carl Hagelin.
1:52 of 3rd period - Adam Henrique wins face-off versus Anze Kopitar in Bruins zone.
2:05 of 3rd period - Shot by Adam Henrique.
2:05 of 3rd period - Shot Misses the Net.
2:10 of 3rd period - Anze Kopitar is hit by Jordan Oesterle.
2:24 of 3rd period - Shot by Tyler Bertuzzi.
2:24 of 3rd period - Shot Blocked by Erik Johnson.
2:53 of 3rd period - Icing by Justin Faulk.
2:54 of 3rd period - Radek Faksa wins face-off versus Phillip Danault in BlackHawks zone.
3:19 of 3rd period - Shot by Jake Virtanen.
3:19 of 3rd period - Stopped by Tristan Jarry without a rebound.
3:20 of 3rd period - Jared McCann wins face-off versus Vladimir Sobotka in Bruins zone.
3:52 of 3rd period - Shot by Marcus Sorensen.
3:52 of 3rd period - Shot Misses the Net.
3:54 of 3rd period - Shot by Marcus Sorensen.
3:54 of 3rd period - Shot Blocked by Adam Larsson.
4:11 of 3rd period - Icing by Brett Pesce.
4:12 of 3rd period - Radek Faksa wins face-off versus Anze Kopitar in Bruins zone.
4:19 of 3rd period - Shot by Anze Kopitar.
4:19 of 3rd period - Shot Misses the Net.
5:37 of 3rd period - Shot by Phillip Danault.
5:37 of 3rd period - Shot Misses the Net.
5:43 of 3rd period - Shot by Jake Virtanen.
5:43 of 3rd period - Goal by Jake Virtanen - Bruins : 1 - BlackHawks : 3.
5:44 of 3rd period - Jared McCann wins face-off versus Vladimir Sobotka in neutral zone.
5:57 of 3rd period - Shot by Jared McCann.
5:57 of 3rd period - Deflect By Lawson Crouse.
5:57 of 3rd period - Shot Misses the Net.
5:59 of 3rd period - Shot by Jared McCann.
5:59 of 3rd period - Stopped by Tristan Jarry without a rebound.
6:00 of 3rd period - Phillip Danault wins face-off versus Jayson Megna in Bruins zone.
6:42 of 3rd period - Icing by Justin Faulk.
6:43 of 3rd period - Adam Henrique wins face-off versus Phillip Danault in BlackHawks zone.
7:12 of 3rd period - Shot by Jaden Schwartz.
7:12 of 3rd period - Shot Blocked by Carl Hagelin.
7:18 of 3rd period - Shot by Ryan Ellis.
7:18 of 3rd period - Shot Misses the Net.
7:28 of 3rd period - Shot by Jaden Schwartz.
7:28 of 3rd period - Shot Blocked by Jonathon Merrill.
7:44 of 3rd period - Shot by Anze Kopitar.
7:44 of 3rd period - Shot Misses the Net.
7:46 of 3rd period - Shot by Ryan Ellis.
7:46 of 3rd period - Shot Misses the Net.
7:48 of 3rd period - Shot by Ryan Ellis.
7:48 of 3rd period - Shot Blocked by Jonathon Merrill.
8:06 of 3rd period - Radek Faksa is hit by Lawson Crouse and loses puck.
8:13 of 3rd period - Shot by Jared McCann.
8:13 of 3rd period - Goal by Jared McCann - Bruins : 1 - BlackHawks : 4.
8:13 of 3rd period - Louis Domingue enters game.
8:14 of 3rd period - Ivan Barbashev wins face-off versus Vladimir Sobotka in neutral zone.
9:05 of 3rd period - Ivan Barbashev is hit by Radek Faksa and loses puck.
9:12 of 3rd period - Shot by Alex Iafallo.
9:12 of 3rd period - Stopped by Jacob Markstrom without a rebound.
9:13 of 3rd period - Jared McCann wins face-off versus Radek Faksa in BlackHawks zone.
9:44 of 3rd period - Shot by Radek Faksa.
9:44 of 3rd period - Stopped by Jacob Markstrom without a rebound.
9:45 of 3rd period - Jayson Megna wins face-off versus Ivan Barbashev in BlackHawks zone.
9:48 of 3rd period - Shot by Tanner Fritz.
9:48 of 3rd period - Shot Blocked by Brandon Carlo.
10:00 of 3rd period - Shot by Antoine Roussel.
10:00 of 3rd period - Deflect By Jayson Megna.
10:00 of 3rd period - Shot Misses the Net.
10:13 of 3rd period - Jake Virtanen is hit by Brady Skjei and loses puck.
10:45 of 3rd period - Shot by Anze Kopitar.
10:45 of 3rd period - Shot Blocked by Jonathon Merrill.
11:20 of 3rd period - Shot by Lawson Crouse.
11:20 of 3rd period - Stopped by Louis Domingue with a rebound.
11:22 of 3rd period - Shot by Curtis Lazar.
11:22 of 3rd period - Stopped by Louis Domingue without a rebound.
11:23 of 3rd period - Jared McCann wins face-off versus Radek Faksa in Bruins zone.
11:23 of 3rd period - John Marino is hit by Brian Dumoulin and loses puck.
11:27 of 3rd period - Minor Penalty to Brett Pesce for Holding.
11:28 of 3rd period - Phillip Danault wins face-off versus Vladimir Sobotka in Bruins zone.
11:29 of 3rd period - Shot by Ryan Ellis.
11:29 of 3rd period - Shot Misses the Net.
11:31 of 3rd period - Shot by Erik Johnson.
11:31 of 3rd period - Shot Misses the Net.
11:33 of 3rd period - Shot by Scott Laughton.
11:33 of 3rd period - Shot Misses the Net.
11:35 of 3rd period - Shot by Phillip Danault.
11:35 of 3rd period - Stopped by Louis Domingue without a rebound.
11:36 of 3rd period - Phillip Danault wins face-off versus Vladimir Sobotka in Bruins zone.
12:09 of 3rd period - Shot by Jake Virtanen.
12:09 of 3rd period - Stopped by Louis Domingue with a rebound.
12:41 of 3rd period - Shot by Justin Faulk.
12:41 of 3rd period - Stopped by Louis Domingue with a rebound.
12:43 of 3rd period - Shot by Phil Kessel.
12:43 of 3rd period - Stopped by Louis Domingue with a rebound.
12:45 of 3rd period - Shot by Brandon Carlo.
12:45 of 3rd period - Stopped by Louis Domingue with a rebound.
12:47 of 3rd period - Shot by Justin Faulk.
12:47 of 3rd period - Shot Misses the Net.
12:49 of 3rd period - Shot by Anze Kopitar.
12:49 of 3rd period - Deflect By Jaden Schwartz.
12:49 of 3rd period - Shot Misses the Net.
12:51 of 3rd period - Shot by Brandon Carlo.
12:51 of 3rd period - Stopped by Louis Domingue without a rebound.
12:52 of 3rd period - Phillip Danault wins face-off versus Vladimir Sobotka in Bruins zone.
12:52 of 3rd period - Ryan Ellis is hit by Jonathon Merrill and loses puck.
13:31 of 3rd period - Icing by Lawson Crouse.
13:32 of 3rd period - Jared McCann wins face-off versus Radek Faksa in BlackHawks zone.
14:17 of 3rd period - Icing by Brett Pesce.
14:18 of 3rd period - Radek Faksa wins face-off versus Anze Kopitar in Bruins zone.
14:18 of 3rd period - Radek Faksa is hit by Jaden Schwartz.
14:36 of 3rd period - Shot by Jaden Schwartz.
14:36 of 3rd period - Stopped by Louis Domingue without a rebound.
14:37 of 3rd period - Jayson Megna wins face-off versus Phillip Danault in Bruins zone.
14:39 of 3rd period - Icing by Antoine Roussel.
14:40 of 3rd period - Jayson Megna wins face-off versus Phillip Danault in Bruins zone.
14:51 of 3rd period - Shot by Jayson Megna.
14:51 of 3rd period - Stopped by Jacob Markstrom without a rebound.
14:52 of 3rd period - Adam Henrique wins face-off versus Anze Kopitar in BlackHawks zone.
15:28 of 3rd period - Shot by Phil Kessel.
15:28 of 3rd period - Shot Hit the Post.
15:30 of 3rd period - Shot by Anze Kopitar.
15:30 of 3rd period - Goal by Anze Kopitar - Bruins : 1 - BlackHawks : 5.
15:31 of 3rd period - Phillip Danault wins face-off versus Vladimir Sobotka in neutral zone.
15:31 of 3rd period - Phillip Danault is hit by Antoine Roussel.
15:54 of 3rd period - Icing by Ryan Ellis.
15:55 of 3rd period - Phillip Danault wins face-off versus Radek Faksa in BlackHawks zone.
16:58 of 3rd period - Off-side.
16:59 of 3rd period - Jared McCann wins face-off versus Vladimir Sobotka in neutral zone.
17:07 of 3rd period - Icing by Brian Dumoulin.
17:08 of 3rd period - Jared McCann wins face-off versus Vladimir Sobotka in Bruins zone.
17:20 of 3rd period - Icing by Curtis Lazar.
17:21 of 3rd period - Adam Henrique wins face-off versus Jared McCann in BlackHawks zone.
18:24 of 3rd period - Shot by Phil Kessel.
18:24 of 3rd period - Stopped by Louis Domingue with a rebound.
18:26 of 3rd period - Shot by Phil Kessel.
18:26 of 3rd period - Stopped by Louis Domingue without a rebound.
18:27 of 3rd period - Phillip Danault wins face-off versus Radek Faksa in Bruins zone.
18:48 of 3rd period - Shot by Jake Virtanen.
18:48 of 3rd period - Deflect By Phillip Danault.
18:48 of 3rd period - Shot Misses the Net.
19:52 of 3rd period - Icing by Anze Kopitar.
19:53 of 3rd period - Anze Kopitar wins face-off versus Adam Henrique in BlackHawks zone.
Goals for this period are 0 for Bruins vs 3 for BlackHawks.
Shots for this period are 4 for Bruins vs 18 for BlackHawks.